 Dungeon Sprint DCSS version 0.21-a0-91-ga5031da (webtiles) character file.

11851 Kidiri the Grappler (level 11, 0/99 HPs)
             Began as a White Draconian Transmuter on June 28, 2017.
             Was the Champion of Wu Jian.
             Slain by a snapping turtle (19 damage)
             ... in the Dungeon (Sprint VII: "The Pits").
             The game lasted 00:16:07 (2281 turns).

Kidiri the Grappler (White Draconian Transmuter)    Turns: 2281, Time: 00:16:07

Health: 0/99       AC: 11    Str: 14    XL:     11   Next: 54%
Magic:  16/21      EV: 22    Int: 14    God:    Wu Jian [******]
Gold:   57         SH:  0    Dex: 13    Spells: 4/24 levels left

rFire    . . .     SeeInvis .     - Unarmed
rCold    + . .     Gourm    .   (shield currently unavailable)
rNeg     . . .     Faith    .   (armour unavailable)
rPois    .         Spirit   .   (helmet restricted)
rElec    .         Reflect  .   v - +0 cloak
rCorr    .         Harm     .   (gloves currently unavailable)
MR       .....     NoTele   +   (no boots)
Stlth    ++........             (no amulet)
HPRegen  0.26/turn              q - +3 ring of evasion
MPRegen  0.17/turn              r - +3 ring of protection

@: swift (expiring), blade hands, glowing, heavenly storm, very quick
A: breathe frost, unfitting armour, cold resistance 1, cold-blooded, AC +7
a: Breathe Frost, End Transformation, Serpent's Lash, Heavenly Storm, Renounce
Religion


You were in the Dungeon.
You worshipped Wu Jian.
Wu Jian was exalted by your worship.
You were not hungry.
You had blades for hands.
You visited 1 branch You collected 57 gold pieces.

Inventory:

Missiles
 a - 12 arrows
 x - 3 throwing nets (quivered)
Armour
 u - a +0 pair of gloves (melded)
 v - a +0 cloak (worn)
Jewellery
 q - a +3 ring of evasion (left scythe-like blade)
 r - a +3 ring of protection (right scythe-like blade)
 D - an uncursed ring of positive energy
 E - a +2 ring of slaying
Scrolls
 i - a scroll of blinking
 j - 4 scrolls of remove curse
 k - 5 scrolls of amnesia
 l - a scroll of summoning
 w - 3 scrolls of recharging
 y - 2 scrolls of enchant armour
 A - 2 scrolls of enchant weapon
 C - 2 scrolls of identify
Potions
 d - 2 potions of invisibility
 e - 12 potions of heal wounds
 f - 3 potions of haste
 g - 4 potions of magic
 h - 3 potions of berserk rage
 p - 8 potions of curing
 s - 2 potions of might
 t - a potion of agility
 z - 3 potions of brilliance
 B - a potion of resistance
Books
 b - a book of Changes

   Spells                             Type                      Level
   a - Beastly Appendage              Transmutation                1
   b - Sticks to Snakes               Transmutation                2
   c - Spider Form                    Transmutation/Poison         3
   d - Ice Form                       Ice/Transmutation            4
   e - Blade Hands                    Transmutation                5
 F - a book of Party Tricks

   Spells                             Type                      Level
   a - Summon Butterflies             Summoning                    1
   b - Apportation                    Translocation                1
   c - Lesser Beckoning               Translocation                3
   d - Tukima's Dance                 Hexes                        3
   e - Alistair's Intoxication        Transmutation/Poison         5
   f - Invisibility                   Hexes                        6
 G - a book of Burglary

   Spells                             Type                      Level
   a - Swiftness                      Charms/Air                   2
   b - Passwall                       Transmutation/Earth          2
   c - Passage of Golubria            Translocation                4
   d - Lee's Rapid Deconstruction     Earth                        5
   e - Darkness                       Hexes                        6
   f - Invisibility                   Hexes                        6
Comestibles
 c - 8 bread rations
 m - 29 fruits
 n - 8 meat rations
 o - 6 chunks of flesh


   Skills:
 + Level 9.7 Fighting
 * Level 11.6 Dodging
 * Level 12.2 Stealth
 * Level 12.6 Unarmed Combat
 + Level 7.1 Spellcasting
 + Level 0.6 Charms
 * Level 12.4 Transmutations
 + Level 8.6 Ice Magic
 + Level 8.2 Poison Magic


You had 4 spell levels left.
You knew the following spells:

 Your Spells              Type           Power        Failure   Level  Hunger
a - Beastly Appendage     Tmut           #####.       7%          1    None
b - Sticks to Snakes      Tmut           #####...     8%          2    None
c - Spider Form           Tmut/Pois      ####......   12%         3    ##.....
d - Ice Form              Ice/Tmut       ####....     21%         4    ####...
e - Blade Hands           Tmut           #####.....   22%         5    #####..
f - Regeneration          Chrm/Necr      #.........   78%         3    ##.....
g - Swiftness             Chrm/Air       #.......     61%         2    None


Dungeon Overview and Level Annotations

Branches:
Dungeon (1/1)

Altars:
Ashenzari
Cheibriados
Dithmenos
Elyvilon
Fedhas
Gozag
Hepliaklqana
Kikubaaqudgha
Makhleb
Nemelex Xobeh
Okawaru
Qazlal
Ru
Sif Muna
Trog
Uskayaw
Vehumet
Wu Jian
Xom
Yredelemnul
Zin
The Shining One
Beogh
Jiyva
Lugonu


Innate Abilities, Weirdness & Mutations

You can breathe waves of freezing cold.
You can buffet flying creatures when you breathe cold.
Your icy white scales are hard. (AC +7)
You cannot fit into any form of body armour.
Your flesh is cold resistant. (rC+)
You are cold-blooded and may be slowed by cold attacks.


Message History

The vampire knight flickers and vanishes!
Deactivating autopickup; reactivate with Ctrl-A.
The air is filled with shimmering golden clouds!
Sifu Zhang Bao says: The storm will not cease as long as you keep fighting, disciple!
The snapping turtle completely misses you.
The deep troll bites you!
* * * LOW HITPOINT WARNING * * *
The deep troll misses you. The deep troll completely misses you.
You spin and attack the deep troll.
You slash the deep troll!
The deep troll is almost dead.
You spin and attack the snapping turtle.
You slice the snapping turtle!!
The snapping turtle is heavily wounded.
The snapping turtle barely misses you.
Unknown command.
You spin to attack the deep troll, but your attack speed is too slow for a blow to land.
The deep troll misses you. The deep troll completely misses you.
The deep troll misses you.
The snapping turtle bites you from afar!!
You die...

#++#############
#.%%§§§T§§§...{.
#..%§§@§t§§.....
#..#############
#..# #..# ##
#..# .# #..# .#
#..# .# #..#
.##########%.#


You could see a snapping turtle and a deep troll.

Vanquished Creatures
  A fire giant (D)
  Harold (D)
  A vampire mage (D)
  A deep troll (D)
  An orc knight (D)
  A lindwurm (D)
  A wizard (D)
  A deep elf mage (D)
  2 black mambas (D)
  An elephant (D)
  2 rime drakes (D)
  A spiny frog (D)
  An efreet (D)
  A freezing wraith (D)
  An ice devil (D)
  2 guardian mummies (D)
  A polar bear (D)
  3 red devils (D)
  4 dream sheep (D)
  A redback (D)
  An air elemental (D)
  A spriggan (D)
  A fire bat (D)
  A basilisk (D)
  A warg (D)
  3 insubstantial wisps (D)
  A swamp drake (D)
  An eye of draining (D)
  2 orc warriors (D)
  2 ogres (D)
  3 wolves (D)
  2 phantoms (D)
  A gnoll sergeant (D)
  A small abomination (D)
  A hound (D)
  2 orc priests (D)
  An orc wizard (D)
  A gnoll shaman (D)
  Terence (D)
  A worker ant (D)
  A mummy (D)
  An adder (D)
  7 gnolls (D)
  An ufetubus (D)
  An ooze (D)
  A leopard gecko (D)
  10 orcs (D)
  3 giant cockroaches (D)
  4 jackals (D)
  A quokka (D)
  3 ball pythons (D)
  A bat (D)
  A bat simulacrum (D)
  A frilled lizard (D)
  A giant cockroach zombie (D)
93 creatures vanquished.

Vanquished Creatures (others)
  A gnoll (D)
1 creature vanquished.

Grand Total: 94 creatures vanquished

Notes
Turn   | Place    | Note
-------+----------+-------------------------------------------
     0 | D        | Kidiri the Draconian Transmuter began the quest for the Orb.
     0 | D        | Reached XP level 1. HP: 16/16 MP: 3/3
    13 | D        | Noticed a worker ant
    21 | D        | Killed a worker ant
    21 | D        | Reached skill level 1 in Stealth
    21 | D        | Reached XP level 2. HP: 6/24 MP: 2/5
    52 | D        | Found a bloodstained altar of Trog.
    52 | D        | Found a deep blue altar of Sif Muna.
    52 | D        | Found a viscous altar of Jiyva.
    52 | D        | Found a hazy altar of Hepliaklqana.
    52 | D        | Found an opulent altar of Gozag.
    53 | D        | Found a glowing golden altar of the Shining One.
    53 | D        | Found a glowing silver altar of Zin.
    53 | D        | Found a basalt altar of Yredelemnul.
    53 | D        | Found a shimmering altar of Xom.
    53 | D        | Found an ornate altar of the Wu Jian Council.
    53 | D        | Found a sacrificial altar of Ru.
    53 | D        | Found a stormy altar of Qazlal.
    53 | D        | Found an iron altar of Okawaru.
    53 | D        | Found a sparkling altar of Nemelex Xobeh.
    53 | D        | Found a burning altar of Makhleb.
    53 | D        | Found a blossoming altar of Fedhas.
    53 | D        | Found a white marble altar of Elyvilon.
    53 | D        | Found a shadowy altar of Dithmenos.
    53 | D        | Found a snail-covered altar of Cheibriados.
    55 | D        | Found a radiant altar of Vehumet.
    55 | D        | Found a corrupted altar of Lugonu.
    55 | D        | Found a roughly hewn altar of Beogh.
    56 | D        | Found a hide-covered altar of Uskayaw.
    56 | D        | Found an ancient bone altar of Kikubaaqudgha.
    56 | D        | Found a shattered altar of Ashenzari.
    62 | D        | Became a worshipper of the Wu Jian Council
    66 | D        | Learned a level 2 spell: Sticks to Snakes
   135 | D        | Reached XP level 3. HP: 27/30 MP: 6/6
   268 | D        | Reached * piety under Wu Jian
   278 | D        | Learned a level 3 spell: Spider Form
   286 | D        | Reached ** piety under Wu Jian
   364 | D        | Reached *** piety under Wu Jian
   379 | D        | Reached XP level 4. HP: 37/37 MP: 3/8
   392 | D        | Reached **** piety under Wu Jian
   413 | D        | Reached skill level 5 in Unarmed Combat
   419 | D        | Reached XP level 5. HP: 26/45 MP: 1/10
   424 | D        | Reached skill level 5 in Transmutations
   427 | D        | Reached ***** piety under Wu Jian
   500 | D        | Learned a level 5 spell: Blade Hands
   619 | D        | Noticed Terence
   626 | D        | Reached skill level 5 in Dodging
   636 | D        | Killed Terence
   745 | D        | Noticed a phantom
   745 | D        | Noticed a black mamba
   745 | D        | Noticed an elephant
   749 | D        | Killed a black mamba
   749 | D        | Reached skill level 5 in Fighting
   749 | D        | Reached XP level 6. HP: 37/56 MP: 5/13
   749 | D        | Your scales start taking on an icy white colour.
   749 | D        | Reached XP level 7. HP: 40/61 MP: 5/14
   749 | D        | Gained mutation: Your flesh is cold resistant. (rC+) [White Draconian growth]
   749 | D        | Killed an elephant
   749 | D        | Reached skill level 5 in Spellcasting
   753 | D        | Reached XP level 8. HP: 47/70 MP: 6/15
   805 | D        | Learned a level 4 spell: Ice Form
   939 | D        | Noticed a red devil
   940 | D        | Noticed an efreet
   943 | D        | Killed an efreet
   943 | D        | Reached skill level 1 in Ice Magic
   943 | D        | Killed a red devil
   947 | D        | Noticed an air elemental
   949 | D        | Killed an air elemental
   964 | D        | Reached ****** piety under Wu Jian
   964 | D        | Reached XP level 9. HP: 68/78 MP: 16/16
   964 | D        | Reached skill level 5 in Poison Magic
   993 | D        | Noticed a guardian mummy
  1005 | D        | Killed a guardian mummy
  1172 | D        | Noticed a spiny frog
  1185 | D        | Killed a spiny frog
  1185 | D        | Reached skill level 10 in Unarmed Combat
  1473 | D        | Noticed a freezing wraith
  1478 | D        | Killed a freezing wraith
  1478 | D        | Reached skill level 10 in Transmutations
  1483 | D        | Noticed a black mamba
  1483 | D        | Noticed Harold
  1488 | D        | Killed a black mamba
  1488 | D        | Reached skill level 5 in Ice Magic
  1488 | D        | Killed Harold
  1488 | D        | Reached skill level 10 in Stealth
  1488 | D        | Reached XP level 10. HP: 75/87 MP: 13/17
  1531 | D        | Noticed a deep elf mage
  1533 | D        | Killed a deep elf mage
  1533 | D        | Reached skill level 10 in Dodging
  1601 | D        | Noticed an orc knight
  1606 | D        | Killed an orc knight
  1697 | D        | Noticed a fire giant
  1715 | D        | Killed a fire giant
  1715 | D        | Reached XP level 11. HP: 57/96 MP: 16/20
  1775 | D        | Noticed a vampire mage
  1945 | D        | Noticed a wizard
  1946 | D        | Killed a vampire mage
  1946 | D        | Noticed a deep troll
  1952 | D        | Killed a deep troll
  1953 | D        | Noticed a lindwurm
  1954 | D        | Killed a wizard
  1958 | D        | Killed a lindwurm
  2120 | D        | Learned a level 3 spell: Regeneration
  2184 | D        | Learned a level 2 spell: Swiftness
  2268 | D        | Noticed a deep troll
  2278 | D        | Noticed a vampire knight
  2281 | D        | Slain by a snapping turtle

Vault maps used:
D:        pitsprint

Skill      XL: |  1  2  3  4  5  6  7  8  9 10 11 |
---------------+----------------------------------+-----
Fighting       | 2 3 5 6 8 9 |  9.7
Dodging        | 2 3 4 6 7 8 9 10 11 | 11.6
Stealth        | 1 3 4 6 7 8 10 11 12 | 12.2
Transmutations | 3 4 7 9 10 11 12 | 12.4
Unarmed Combat | 4 5 7 8 9 10 11 12 | 12.6
Spellcasting   | 3 4 5 6 7 |  7.1
Poison Magic   | 3 4 6 7 8 |  8.2
Ice Magic      | 3 5 7 8 |  8.6
Charms         | |  0.6

Action                   |  1- 3 |  4- 6 |  7- 9 | 10-12 || total
-------------------------+-------+-------+-------+-------++-------
Melee: Unarmed           |    42 |    82 |    58 |    88 ||   270
       Headbutt          |     3 |       |       |       ||     3
       Punch             |     1 |       |     3 |     5 ||     9
       Kick              |     3 |       |       |       ||     3
       Tailslap          |     2 |     4 |     2 |     6 ||    14
 Cast: Beastly Appendage |     3 |       |       |       ||     3
       Spider Form       |     3 |     3 |       |       ||     6
       Blade Hands       |       |     1 |     3 |     6 ||    10
       Ice Form          |       |       |     1 |       ||     1
       Swiftness         |       |       |       |     1 ||     1
Invok: Serpent's Lash    |       |     1 |     2 |     2 ||     5
       Heavenly Storm    |       |     1 |       |     3 ||     4
  Use: Potion            |     2 |       |       |     3 ||     5
 Stab: Sleeping          |     1 |     1 |     5 |     7 ||    14
  Eat: Chunk             |       |     1 |       |       ||     1
       Fruit             |       |       |    11 |       ||    11
Armor: Skin              |     8 |     8 |     3 |     5 ||    24
Dodge: Dodged            |    46 |    51 |    27 |    53 ||   177
